 Dungeon Crawl Stone Soup version 0.30-a0-373-gd37427bb62 (webtiles) character file.

Game seed: 8027830066466295436

2598 Maxmaps the Magus (level 9, 0/63 HPs)
             Began as a Demonspawn Monk on Nov 23, 2022.
             Was an Elder of Nemelex Xobeh.
             Killed by divine providence
             ... invoked by an orc priest
              (16 damage)
             ... on level 7 of the Dungeon.
             The game lasted 00:06:38 (5878 turns).

Maxmaps the Magus (Demonspawn Monk)                 Turns: 5878, Time: 00:06:38

Health: 0/63       AC: 14    Str: 11    XL:     9   Next: 33%
Magic:  20/20      EV: 11    Int: 16    God:    Nemelex Xobeh [****..]
Gold:   495        SH:  0    Dex: 16    Spells: 8/8 levels left

rFire   . . .      SeeInvis .    I - +2 whip (venom)
rCold   + . .      Faith    .    (no shield)
rNeg    . . .      Spirit   .    q - +0 chain mail
rPois   +          Reflect  .    v - +0 helmet
rElec   .          Harm     .    (no cloak)
rCorr   .          Rampage  .    u - +0 pair of gloves
Will    .....                    (no boots)
Stlth   ..........               (no amulet)
HPRegen 0.30/turn                w - ring of poison resistance
MPRegen 0.17/turn                i - ring of protection from cold

@: agile
A: icy blue scales 2, powered by death 1, powered by pain 1
a: Renounce Religion, Draw Escape, Draw Destruction, Draw Summoning, Triple
Draw, Deal Four


You were on level 7 of the Dungeon.
You worshipped Nemelex Xobeh.
Nemelex Xobeh was greatly pleased with you.
You visited 1 branch of the dungeon, and saw 7 of its levels.

You collected 495 gold pieces.

Inventory:

Hand Weapons
 a - a +0 falchion
 G - a +1 dagger of freezing
 H - a +2 dagger of flaming
 I - a +2 whip of venom (weapon)
Missiles
 B - a throwing net (quivered)
Armour
 o - the -2 buckler of the Fresh God {rF+ MP+9}
   (You found it on level 2 of the Dungeon)

   rF:        It protects you from fire.
   MP:        It affects your magic capacity (+9).
 q - a +0 chain mail (worn)
 u - a +0 pair of gloves (worn)
 v - a +0 helmet (worn)
Jewellery
 d - a ring of fire
 i - a ring of protection from cold (right hand)
 p - a ring of fire
 w - a ring of poison resistance (left hand)
 y - a +4 ring of evasion
 L - an amulet of the acrobat
Wands
 A - a wand of flame (20)
Scrolls
 b - a scroll of amnesia {unknown}
 f - 6 scrolls of identify {unknown}
 h - a scroll of noise {unknown}
 k - a scroll of fear {unknown}
 l - a scroll of enchant weapon {unknown}
 m - a scroll of immolation {unknown}
 n - 2 scrolls of vulnerability {unknown}
 x - 2 scrolls of enchant armour {unknown}
 D - 2 scrolls of poison {unknown}
 F - a scroll of silence {unknown}
 J - a scroll of blinking {unknown}
Potions
 c - 2 potions of ambrosia
 e - 3 potions of curing
 g - a potion of cancellation {unknown}
 j - 3 potions of flight {unknown}
 r - a potion of mutation {unknown}
 s - a potion of resistance {unknown}
 t - 3 potions of heal wounds {unknown}
 z - a potion of brilliance {unknown}
 C - a potion of berserk rage {unknown}
 E - 2 potions of magic {unknown}
 K - a potion of lignification {unknown}


   Skills:
 - Level 3.0 Fighting
 - Level 2.6 Long Blades
 - Level 4.1 Armour
 - Level 2.6 Dodging
 - Level 1.7 Stealth
 + Level 14.9 Invocations


You had 8 spell levels left.
You didn't know any spells.
Your spell library contained the following spells:

 Spells                   Type           Power      Damage    Failure   Level
 Ozocubu's Armour         Ice            0%         N/A       100%        3
 Ozocubu's Refrigeration  Ice            0%         4d7       100%        7


Dungeon Overview and Level Annotations

Branches:
Dungeon (7/15)             Temple (0/1) D:4

Altars:
Ashenzari
Nemelex Xobeh

Shops:
D:5 (


Innate Abilities, Weirdness & Mutations

You are mostly covered in icy blue scales. (AC +3)
You regenerate a little health from kills.
You sometimes gain a little power by taking damage.


Message History

Unknown command.
You draw a card...
You have drawn Wild Magic.
The orc warrior is covered in a thin layer of ice!!
Magic surges out from thin air. x2; The orc looks incredibly sick!
The orc is poisoned.
You kill the orc!
Dim flames ripple over the orc priest's body!
You feel a surge of magic.
The orc warrior hits you with a +0 dire flail!
* * * LOW HITPOINT WARNING * * *
Unknown command.
You draw a card...
You have drawn Wild Magic.
The orc warrior is caught in an explosion of electrical discharges!
You kill the orc warrior!
Fire whirls out of nowhere!
Waves of light ripple in the air.
The air around the orc priest crackles with energy.
The orc priest twists and deforms.
You feel a surge of magic.
Unknown command.
Unknown command.
Something hits you but does no damage.
Things that are here:
a +0 dire flail; a +0 plate armour; an orc corpse You hit something but do no damage.
Something hits you but does no damage.
You closely miss something. Something hits you but does no damage.
You miss something. You miss something. Something hits you.
* * * LOW HITPOINT WARNING * * *
A magic dart appears from out of thin air!
The magic dart hits something.
Reactivating autopickup.
You feel a bit more experienced. Something hits you but does no damage.
Deactivating autopickup; reactivate with Ctrl-A.
Things that are here:
a +0 dagger; a +0 robe You miss something.
The orc priest invokes the aid of Beogh against you.
Beogh smites you!
You die...
Your body glows slightly and disappears.

################
...............#
########.#####.####
#......#.#..
#......#.#.#
#......#.#.#
#......#.#)#
##'#####.#@# #.#
#.#{#
#######.#####[#o#
.....)........#.#
....>.<.........#
#######.######..#
#.# ...# #.# ...##
#.# .##..


You could see an orc priest (misshapen).

Vanquished Creatures
  Prince Ribbit (D:5)
  Eustachio (D:6)
  A water moccasin (D:6)
  3 sky beasts
  An orc warrior (D:7)
  2 ice beasts
  A black bear (D:5)
  An ogre (D:5)
  A wolf (D:7)
  2 centaurs
  3 necrophages (D:6)
  3 scorpions (D:5)
  5 wights (D:7)
  A killer bee (D:7)
  3 jellies
  A hound (D:5)
  5 orc priests
  3 orc wizards
  7 adders
  A shadow imp (D:7)
  4 white imps
  An ufetubus (D:6)
  2 worms
  2 dart slugs (D:3)
  18 orcs
  5 bats
  6 endoplasms
  2 giant cockroaches (D:1)
  4 hobgoblins
  3 training dummies (D:5)
  8 ball pythons
  2 frilled lizards
  7 goblins
  9 kobolds
  3 rats
122 creatures vanquished.

Vanquished Creatures (others)
  An orc wizard (D:7)
  3 plants (D:6)
4 creatures vanquished.

Grand Total: 126 creatures vanquished

Notes
Turn   | Place    | Note
-------+----------+-------------------------------------------
     0 | D:1      | Maxmaps the Demonspawn Monk began the quest for the Orb.
     0 | D:1      | Reached XP level 1. HP: 18/18 MP: 1/1
   156 | D:1      | Reached skill level 1 in Armour
   398 | D:1      | Gained mutation: You are partially covered in icy blue
                  | scales. (AC +2) [demonic ancestry]
   398 | D:1      | Reached XP level 2. HP: 20/24 MP: 2/2
   732 | D:2      | Found a faded altar of an unknown god.
   819 | D:2      | Gained mutation: You are mostly covered in icy blue scales.
                  | (AC +3) [demonic ancestry]
   819 | D:2      | Reached XP level 3. HP: 17/29 MP: 3/3
   864 | D:2      | Prayed at the altar of an unknown god.
   864 | D:2      | Became a worshipper of Nemelex Xobeh the Trickster
   864 | D:2      | Reached * piety under Nemelex Xobeh
   864 | D:2      | Received a gift from Nemelex Xobeh
   864 | D:2      | Reached ** piety under Nemelex Xobeh
   864 | D:2      | Received a gift from Nemelex Xobeh
   864 | D:2      | Received a gift from Nemelex Xobeh
  1130 | D:2      | Identified the -2 buckler of the Fresh God {rF+ MP+9}
  1289 | D:3      | Reached *** piety under Nemelex Xobeh
  1603 | D:3      | Gained mutation: You regenerate a little health from kills.
                  | [demonic ancestry]
  1603 | D:3      | Reached XP level 4. HP: 35/35 MP: 4/4
  2361 | D:4      | Received a gift from Nemelex Xobeh
  2368 | D:4      | Found a staircase to the Ecumenical Temple.
  2552 | D:4      | Reached **** piety under Nemelex Xobeh
  2660 | D:5      | Entered Level 5 of the Dungeon
  2673 | D:5      | Noticed a scorpion
  2681 | D:5      | Killed a scorpion
  2682 | D:5      | Reached skill level 2 in Invocations
  2682 | D:5      | Reached XP level 5. HP: 41/41 MP: 4/7
  2750 | D:5      | Found Jaoshigg's Firing Range.
  2819 | D:5      | Noticed an ice beast
  2824 | D:5      | Killed an ice beast
  2825 | D:5      | Reached skill level 4 in Invocations
  2825 | D:5      | Reached XP level 6. HP: 47/47 MP: 7/9
  2839 | D:5      | Reached skill level 5 in Invocations
  2863 | D:5      | Reached skill level 6 in Invocations
  2872 | D:5      | Reached skill level 7 in Invocations
  3072 | D:5      | Noticed Prince Ribbit
  3082 | D:5      | Killed Prince Ribbit
  3083 | D:5      | Reached skill level 8 in Invocations
  3083 | D:5      | Reached XP level 7. HP: 16/52 MP: 11/13
  3113 | D:5      | Reached skill level 9 in Invocations
  3124 | D:5      | Found a broken altar of Ashenzari.
  3439 | D:5      | Received a gift from Nemelex Xobeh
  4006 | D:5      | Reached skill level 10 in Invocations
  4214 | D:6      | Reached XP level 8. HP: 46/58 MP: 15/15
  4458 | D:6      | Received a gift from Nemelex Xobeh
  4504 | D:6      | Received a gift from Nemelex Xobeh
  4590 | D:6      | Reached skill level 11 in Invocations
  4601 | D:6      | Noticed Eustachio
  4652 | D:6      | Killed Eustachio
  4653 | D:6      | Reached skill level 12 in Invocations
  4942 | D:6      | Reached skill level 13 in Invocations
  5377 | D:7      | Identified the +8 sling "Upaqir" {freeze, rElec rPois rCorr
                  | Dex+6}
  5477 | D:7      | Gained mutation: You sometimes gain a little power by
                  | taking damage. [demonic ancestry]
  5477 | D:7      | Reached XP level 9. HP: 13/63 MP: 19/19
  5692 | D:7      | Received a gift from Nemelex Xobeh
  5752 | D:7      | Reached skill level 14 in Invocations
  5878 | D:7      | Killed from afar by an orc priest

Illustrated notes

Levels and vault maps discovered:
D:1:      ncdulo_halloftheorcs, layout_rooms, columned_hall_lemuel
D:2:      layout_loops_cross, ebering_ecumenical_altar_abandoned,
          small_statue_intersection
D:3:      layout_basic
D:4:      layout_basic, minmay_temple_entry_water_ring
D:5:      layout_layer_cave, nicolae_ashenzari_skybound,
          nicolae_shop_firing_range, uniq_prince_ribbit1
D:6:      corexii_shack_village, layout_rooms, uniq_eustachio
D:7:      layout_basic, nicolae_elevator_lobby_plus

Skill      XL: |  1  2  3  4  5  6  7  8  9 |
---------------+----------------------------+-----
Armour         | 1 2 3 4 |  4.1
Invocations    | 2 4 8 10 13 14 | 14.9
Fighting       | |  3.0
Long Blades    | |  2.6
Dodging        | |  2.6
Stealth        | |  1.7

Action                   |  1- 3 |  4- 6 |  7- 9 || total
-------------------------+-------+-------+-------++-------
Melee: Falchion          |   120 |    76 |   135 ||   331
       Punch             |       |       |     3 ||     3
       Dagger            |       |       |    92 ||    92
       Whip              |       |       |   120 ||   120
Invok: Draw Destruction  |       |    11 |    17 ||    28
 Stab: Sleeping          |     4 |       |       ||     4
Armor: Robe              |    41 |       |       ||    41
       Chain mail        |       |    69 |   322 ||   391
Dodge: Dodged            |    76 |    28 |   113 ||   217

Table legend: (Time is in decaauts)
 A = Elapsed time spent in this place.
 B = Non-inter-level travel time spent in this place.
 C = Inter-level travel time spent in this place.
 D = Time resting spent in this place.
 E = Time spent auto-exploring this place.
 F = Levels seen in this place.
 G = Mean time per level.
                   A        B        C        D        E       F      G
               +--------+--------+--------+--------+--------+-----+--------+
         Total |   5934 |   5733 |    201 |    797 |   3764 |   7 |  847.7 |
       Dungeon |   5934 |   5733 |    201 |    797 |   3764 |   7 |  847.7 |
               +--------+--------+--------+--------+--------+-----+--------+

Top non-repeatable levels by time:
     D:5: 1565 daAuts
     D:6: 1169 daAuts
     D:3: 916 daAuts
     D:2: 705 daAuts
     D:1: 596 daAuts
     D:7: 515 daAuts
     D:4: 467 daAuts
